 Dungeon Crawl Stone Soup version 0.30-a0-1074-g5db6f66fbb (webtiles) character file.

Game seed: 17956807148383727684

90 bmack86 the Trooper (level 4, 0/40 HPs)
             Began as a Minotaur Fighter on Apr 13, 2023.
             Slain by a gnoll sergeant
             ... wielding a +0 spear
              (6 damage)
             ... on level 3 of the Dungeon.
             The game lasted 00:03:52 (1444 turns).

bmack86 the Trooper (Minotaur Fighter)              Turns: 1444, Time: 00:03:53

Health: 0/40       AC: 10    Str: 22    XL:     4   Next: 32%
Magic:  3/3        EV:  9    Int:  5    God:
Gold:   68         SH:  4    Dex: 10    Spells: 3/3 levels left

rFire   + . .      SeeInvis .    a - +0 war axe
rCold   . . .      Faith    .    c - +0 buckler
rNeg    . . .      Spirit   .    b - +0 scale mail
rPois   .          Reflect  .    (helmet restricted)
rElec   .          Rampage  .    m - +0 cloak
rCorr   .                        (no gloves)
Will    .....                    p - +1 pair of boots Stlth
                                 (no amulet)
HPRegen 0.26/turn                j - ring of protection from fire
MPRegen 0.08/turn                (no ring)

@: lethally poisoned (0 -> -15), hasted, very quick
A: horns 2, retaliatory headbutt
a: no special abilities


You were on level 3 of the Dungeon.
You visited 1 branch of the dungeon, and saw 3 of its levels.

You collected 68 gold pieces.

Inventory:

Hand Weapons
 a - a +0 war axe (weapon)
Armour
 b - a +0 scale mail (worn)
 c - a +0 buckler (worn)
 m - a +0 cloak (worn)
 p - a +1 pair of boots (worn)
Jewellery
 j - a ring of protection from fire (left hand)
Scrolls
 e - a scroll of teleportation {unknown}
 g - a scroll of silence {unknown}
 k - a scroll of poison {unknown}
 o - a scroll of brand weapon {unknown}
Potions
 d - a potion of might
 f - 3 potions of brilliance
 h - 3 potions of haste
 i - a potion of flight {unknown}
 l - a potion of cancellation {unknown}
 n - a potion of magic {unknown}
 r - a potion of ambrosia {unknown}


   Skills:
 + Level 4.2 Fighting
 * Level 4.0 Axes
 + Level 4.2 Armour
 + Level 4.2 Shields


You had 3 spell levels left.
You didn't know any spells.
Your spell library contained the following spells:

 Spells                   Type           Power      Damage    Failure   Level
 Lesser Beckoning         Tloc           0%         N/A       95%         2
 Gell's Gravitas          Tloc           0%         N/A       99%         3
 Teleport Other           Tloc           0%         N/A       99%         3


Dungeon Overview and Level Annotations

Branches:
Dungeon (3/15)

Altars:


Innate Abilities, Weirdness & Mutations

You have a pair of horns on your head.
You reflexively headbutt those who attack you in melee.


Message History

You slash the gnoll!
The gnoll is almost dead.
The gnoll hits you with a +0 spear. The gnoll closely misses you.
The gnoll hits you with a +2 whip of venom.
You are poisoned.
You barely miss the gnoll. You headbutt the gnoll.
You kill the gnoll!
You hit the gnoll but do no damage. You slash the gnoll!
You feel very sick. The gnoll hits you but does no damage.
The gnoll completely misses you.
Your Axes skill increases to level 4!
Found a scroll labelled TAKLOU LIENNEJAE.
You feel sick. The adder misses you.
The gnoll sergeant hits you but does no damage.
The gnoll barely misses you.
The gnoll hits you with a +2 whip of venom.
You are more poisoned.
The gnoll barely misses you.
You see here a +0 spear.
Okay, then.
You feel yourself speed up.
You feel very sick. You block the adder's attack.
The gnoll sergeant hits you with a +0 spear!
* * * LOW HITPOINT WARNING * * *
You block the gnoll's attack.
The gnoll hits you with a +2 whip of venom.
* * * LOW HITPOINT WARNING * * *
You are more poisoned.
The gnoll hits you from afar with a +0 spear.
* * * LOW HITPOINT WARNING * * *
You hit the gnoll sergeant.
Your headbutt misses the gnoll sergeant.
The gnoll sergeant is lightly wounded.
You hit the gnoll. You closely miss the gnoll. You barely miss the adder.
* * * LOW HITPOINT WARNING * * *
You feel very sick. The adder bites you but does no damage.
The gnoll sergeant hits you with a +0 spear.
You die...

.........#.........#
##............# #
#.........###.# #
####....##...# #.#
.# ...#....##.###
#†# .# ##..(......#
#.#..# ##........##
#.#..####
##........#
#.g......
##........#
#@g......
##........#
#gSg(....
..........#
#........
...##.#####
#........ ##.##.#
#........ #....#
##....... ###..#
.....<. ##>..
..?.... ####


You could see a gnoll sergeant, 3 gnolls and an adder.

Vanquished Creatures
  2 adders (D:2)
  A gnoll (D:3)
  A worm (D:2)
  5 ball pythons
  5 bats
  5 endoplasms
  6 goblins
  11 hobgoblins
  7 jackals (D:1)
  2 kobolds (D:1)
  2 frilled lizards (D:2)
  6 rats
53 creatures vanquished.

Notes
Turn   | Place    | Note
-------+----------+-------------------------------------------
     0 | D:1      | bmack86 the Minotaur Fighter began the quest for the Orb.
     0 | D:1      | Reached XP level 1. HP: 19/19 MP: 0/0
    64 | D:1      | Reached XP level 2. HP: 21/27 MP: 1/1
   335 | D:1      | Reached XP level 3. HP: 33/33 MP: 2/2
   337 | D:1      | Found a faded altar of an unknown god.
  1042 | D:2      | Reached XP level 4. HP: 40/40 MP: 3/3
  1438 | D:3      | Noticed a gnoll sergeant
  1444 | D:3      | Slain by a gnoll sergeant

Illustrated notes

Levels and vault maps discovered:
D:1:      psy_arrival_fountain, layout_basic,
          dreamdust_ecumenical_altar_statues, minmay_surrounded
D:2:      layout_basic, hangedman_abyss_or_decor_stabs
D:3:      layout_basic

Skill      XL: |  1  2  3  4 |
---------------+-------------+-----
Axes           | 3 4 |  4.0
Shields        | 4 |  4.2
Fighting       | 4 |  4.2
Armour         | 4 |  4.2

Action                     |  1- 3 |  4- 6 || total
---------------------------+-------+-------++-------
  Melee: War axe           |    68 |    15 ||    83
         Headbutt          |     7 |     3 ||    10
    Use: Scroll            |       |     2 ||     2
         Potion            |       |     1 ||     1
 Armour: Scale mail        |    35 |     8 ||    43
  Dodge: Dodged            |    32 |     8 ||    40
  Block: Buckler           |    19 |     4 ||    23

Table legend: (Time is in decaauts)
 A = Elapsed time spent in this place.
 B = Non-inter-level travel time spent in this place.
 C = Inter-level travel time spent in this place.
 D = Time resting spent in this place.
 E = Time spent auto-exploring this place.
 F = Levels seen in this place.
 G = Mean time per level.
                   A        B        C        D        E       F      G
               +--------+--------+--------+--------+--------+-----+--------+
         Total |   1472 |   1437 |     35 |      0 |    821 |   3 |  490.7 |
       Dungeon |   1472 |   1437 |     35 |      0 |    821 |   3 |  490.7 |
               +--------+--------+--------+--------+--------+-----+--------+

Top non-repeatable levels by time:
     D:1: 880 daAuts
     D:2: 475 daAuts
     D:3: 117 daAuts
